Map: Snowy Mesa

Players

Musumeci

  • Race: Zerg Zerg
  • League: Diamond
  • Spawn Location: 6:00

MichyMoko

  • Race: Zerg Zerg
  • Spawn Location: 6:00

LiFan

  • Race: Protoss Protoss
  • League: Diamond
  • Spawn Location: 12:00

LeaDer

  • Race: Zerg Zerg
  • League: Platinum
  • Spawn Location: 12:00

VOD

Have the link to the VOD?

Description

Time

  • Played on: March 11, 2017, 11:06 a.m.
  • Length: 8:00
Show
View Real Time Build Order
Export as new Build Order

Musumeci Zerg 

Build Orders: Hatch First 

Get SALT Encoding   

  12  0:01  Drone  
  13  0:08  Drone  
  14  0:18  Drone, Extractor  
  15  0:42  Hatchery  
  14  0:57  Spawning Pool  
  14  1:01  Drone  
  14  1:05  Drone, Extractor  
  14  1:09  Extractor  
  13  1:11  Drone  
  16  1:48  Spine Crawler  
  15  1:55  Queen x2  
  15  1:56  Zergling x2  
  21  2:03  Evolution Chamber  
  20  2:12  Overlord  
  20  2:37  Zergling x12  
  21  2:39  Extractor  
  25  2:44  Extractor  
  24  3:02  Zergling x8  
  28  3:19  Overlord  
  28  3:37  Drone  
  28  3:38  Drone x5  
  34  3:52  Drone  
  34  3:53  Drone  
  36  3:56  Metabolic Boost  
  36  4:04  Baneling Nest  
  36  4:07  Roach Warren  
  35  4:18  Overlord  
  35  4:20  Overlord  
  35  4:28  Drone  
  35  4:30  Overlord  
  36  4:39  Drone  
  36  4:40  Drone x6  
  43  4:58  Overlord  
  43  5:03  Roach x7  
  57  5:36  Roach  
  57  5:38  Overlord x3  
  59  5:45  Extractor  
  58  5:50  Spore Crawler  
  55  5:59  Spore Crawler  
  55  6:00  Spore Crawler  
  55  6:03  Spore Crawler  
  51  6:20  Drone x7  
  51  6:23  Ravager x5  
  41  6:55  Roach  
  41  6:56  Roach x6  
  41  7:00  Zergling x16  
  56  7:17  Zergling x10  
  61  7:33  Zergling x6  
Show
View Real Time Build Order
Export as new Build Order

MichyMoko Zerg 

Build Orders: Pool First 

Get SALT Encoding   

  12  0:09  Drone  
  13  0:21  Drone  
  14  0:36  Overlord  
  14  1:12  Drone  
  14  1:14  Drone  
  16  1:22  Drone  
  17  1:47  Drone  
  17  1:50  Drone x2  
  20  1:55  Spawning Pool  
  20  1:57  Extractor  
  20  2:01  Drone  
  19  2:26  Hatchery, Drone, Overlord  
  19  2:40  Drone  
  20  2:44  Queen  
  20  2:48  Zergling x2  
  23  2:56  Zergling x2  
  24  3:06  Overlord  
  24  3:25  Metabolic Boost  
  24  3:28  Zergling x2  
  24  3:29  Zergling x2  
  26  3:37  Queen, Roach Warren  
  26  3:40  Queen  
  29  3:42  Drone x2  
  31  3:58  Overlord  
  31  4:00  Drone x2, Zergling x4  
  35  4:07  Overlord  
  35  4:09  Overlord  
  35  4:12  Drone  
  36  4:17  Extractor  
  35  4:25  Roach  
  35  4:26  Roach  
  35  4:29  Roach  
  41  4:33  Lair  
  41  4:37  Drone x2  
  43  4:38  Drone  
  43  4:42  Drone  
  43  4:44  Drone  
  46  4:58  Roach  
  46  4:59  Roach x4  
  56  5:00  Unknown  
  56  5:06  Roach  
  56  5:07  Roach  
  60  5:14  Overlord x2  
  60  5:15  Overlord  
  60  5:23  Evolution Chamber, Overlord  
  60  5:25  Overlord  
  60  5:26  Evolution Chamber  
  58  5:46  Glial Reconstitution  
  58  5:51  Spore Crawler  
  55  6:00  Spore Crawler  
  52  6:05  Spore Crawler  
  52  6:06  Roach  
  52  6:07  Roach x5  
  61  6:34  Overlord  
  61  6:35  Overlord x3  
  53  7:02  Zergling x2  
  53  7:03  Zergling x14  
  43  7:15  Zergling x2  
  43  7:16  Zergling x4  
  43  7:21  Zergling x4  
  38  7:52  Hydralisk Den  
Show
View Real Time Build Order
Export as new Build Order

LiFan Protoss 

Build Orders:  

Get SALT Encoding   

  12  0:01  Probe (Chrono Boost)  
  13  0:12  Probe (Chrono Boost)  
  14  0:18  Pylon  
  14  0:23  Probe (Chrono Boost)  
  15  0:36  Probe (Chrono Boost)  
  15  0:41  Forge  
  16  0:47  Probe (Chrono Boost)  
  17  0:55  Pylon  
  17  0:58  Probe (Chrono Boost)  
  18  1:09  Probe (Chrono Boost)  
  19  1:17  Photon Cannon  
  19  1:19  Assimilator  
  19  1:21  Probe (Chrono Boost)  
  19  1:24  Assimilator  
  20  1:29  Photon Cannon  
  20  1:32  Probe (Chrono Boost)  
  21  1:45  Pylon  
  21  1:46  Probe (Chrono Boost)  
  22  1:56  Gateway  
  22  1:59  Probe (Chrono Boost)  
  23  2:10  Gateway  
  23  2:22  Pylon  
  23  2:41  Nexus  
  23  2:47  Probe (Chrono Boost)  
  24  2:52  Cybernetics Core  
  24  3:05  Photon Cannon  
  24  3:06  Probe (Chrono Boost)  
  25  3:17  Probe (Chrono Boost)  
  26  3:23  Pylon  
  26  3:30  Probe (Chrono Boost)  
  26  3:34  Stargate  
  27  3:35  Stargate  
  27  3:41  Probe (Chrono Boost)  
  28  3:52  Mothership Core (Chrono Boost)  
  30  4:02  Probe (Chrono Boost)  
  31  4:10  Probe (Chrono Boost)  
  31  4:16  Phoenix, Assimilator  
  33  4:17  Probe (Chrono Boost)  
  33  4:18  Phoenix  
  33  4:21  Assimilator  
  33  4:22  Probe (Chrono Boost)  
  38  4:29  Probe (Chrono Boost)  
  39  4:34  Probe (Chrono Boost)  
  40  4:40  Phoenix  
  40  4:41  Phoenix, Probe (Chrono Boost)  
  46  4:46  Probe (Chrono Boost)  
  48  5:00  Probe x2 (Chrono Boost)  
  48  5:02  Warp Gate  
  48  5:05  Phoenix x2  
  52  5:16  Probe x2 (Chrono Boost)  
  52  5:19  Pylon  
  54  5:26  Phoenix  
  55  5:28  Phoenix  
  55  5:29  Probe (Chrono Boost)  
  59  5:41  Probe (Chrono Boost)  
  59  5:42  Probe (Chrono Boost)  
  61  5:48  Phoenix  
  61  5:54  Phoenix  
  65  6:10  Phoenix  
  65  6:16  Phoenix  
  69  6:31  Phoenix  
  69  6:37  Phoenix  
  73  6:53  Phoenix  
  73  6:59  Phoenix  
  77  7:19  Probe (Chrono Boost)  
  78  7:24  Pylon  
  78  7:25  Pylon  
  78  7:26  Pylon  
  78  7:28  Pylon  
  78  7:32  Pylon  
  78  7:37  Gateway  
  78  7:44  Probe (Chrono Boost)  
  87  7:45  Zealot x2  
Show
View Real Time Build Order
Export as new Build Order

LeaDer Zerg 

Build Orders: Hatch First 

Get SALT Encoding   

  12  0:02  Drone  
  13  0:14  Overlord  
  13  0:19  Drone  
  14  0:33  Drone  
  14  0:35  Drone  
  16  0:38  Drone  
  17  0:55  Hatchery  
  16  0:59  Drone  
  16  1:02  Extractor  
  16  1:04  Drone  
  17  1:17  Spawning Pool  
  16  1:28  Drone  
  16  1:29  Drone  
  18  1:40  Overlord  
  18  1:45  Drone  
  19  2:04  Zergling x2  
  19  2:05  Zergling x2  
  21  2:08  Queen  
  21  2:09  Queen  
  25  2:18  Metabolic Boost  
  25  2:35  Zergling x8  
  29  2:38  Overlord  
  29  2:45  Drone  
  30  3:08  Extractor, Overlord x2  
  29  3:16  Drone x2  
  29  3:17  Drone  
  32  3:21  Drone  
  32  3:22  Drone x4  
  32  3:27  Drone  
  38  3:41  Lair  
  38  3:43  Drone x2  
  40  3:49  Drone  
  40  3:50  Drone x2  
  43  4:00  Drone x2  
  45  4:17  Extractor x2  
  45  4:21  Drone x2  
  45  4:22  Drone x2  
  45  4:23  Drone x2  
  49  4:28  Hatchery  
  48  4:35  Drone x2  
  48  4:36  Drone  
  48  4:37  Drone x3  
  54  4:39  Overlord  
  54  4:42  Overseer  
  54  4:47  Overlord  
  54  5:08  Overlord  
  54  5:09  Overlord x2  
  54  5:30  Drone  
  54  5:32  Spire  
  54  5:44  Zergling x10  
  54  5:45  Zergling x4  
  61  5:54  Queen  
  61  5:55  Zergling x2  
  64  6:05  Overlord x3  
  64  6:10  Drone x2  
  66  6:22  Drone x3  
  69  6:33  Zergling x2  
  69  6:34  Zergling x12  
  67  6:49  Mutalisk x4  
  67  6:53  Mutalisk x2  
  67  6:54  Mutalisk x4  
  75  6:59  Extractor  
  75  7:00  Mutalisk x3, Extractor  
  87  7:12  Drone x3  
  88  7:22  Mutalisk x3, Drone  
  86  7:26  Overlord  
  86  7:27  Overlord x2  
  86  7:28  Drone x4  
  86  7:29  Drone  
  96  7:34  Infestation Pit  
Tags
 
Add a new tag
Caveats
  • Supply blocks, unpowered buildings, or Contaminate may cause inaccurate times.
  • Supply counts are checked every 10 seconds.